 Dungeon Crawl Stone Soup version 0.28.0-43-g3370ac3207 (webtiles) character file.

Game seed: 14174340741072918933

15 silky the Skirmisher (level 2, -2/40 HPs)
             Began as a Minotaur Chaos Knight on Mar 30, 2022.
             Was a Plaything of Xom.
             Slain by a phantom (3 damage)
             ... on level 2 of the Dungeon.
             The game lasted 00:02:48 (1075 turns).

silky the Skirmisher (Minotaur Chaos Knight)        Turns: 1075, Time: 00:02:49

Health: -2/40      AC: 21    Str: 15 (16) XL:     2   Next: 34%
Magic:  1/1        EV:  2    Int:  6 (9)  God:    Xom [......]
Gold:   57         SH:  0    Dex:  7 (9)  Spells: 1/1 levels left

rFire   . . .      SeeInvis .   a - +0 mace (chaos)
rCold   + . .      Faith    .   (no shield)
rNeg    . . .      Spirit   .   (armour currently unavailable)
rPois   +          Reflect  .   (helmet currently unavailable)
rElec   .          Harm     .   (cloak currently unavailable)
rCorr   .          Rampage  .   (gloves currently unavailable)
Will    .....      NoTele   +   (boots currently unavailable)
Stlth   +.........              (no amulet)
HPRegen 0.13/turn               k - ring of protection from cold
MPRegen 0.07/turn               (no ring)

@: tree-form, unable to read
A: stationary, stasis, torment immunity, boosted hp, (horns 2), (retaliatory
headbutt), deterioration 1, inability to read while threatened, noise
suppression
a: Renounce Religion


You were on level 2 of the Dungeon.
You worshipped Xom.
You were a very special plaything of Xom.
You were a tree.
You visited 1 branch of the dungeon, and saw 2 of its levels.

You collected 57 gold pieces.

Inventory:

Hand Weapons
 a - a +0 mace of chaos (weapon)
Armour
 b - a +2 leather armour (melded)
Jewellery
 k - a ring of protection from cold (left branch)
Scrolls
 c - a scroll of fear {unknown}
 f - a scroll of teleportation {unknown}
 i - a scroll of brand weapon
 j - a scroll of immolation {unknown}
 l - a scroll of summoning {unknown}
Potions
 d - 2 potions of degeneration


   Skills:
 + Level 4.1 Fighting
 + Level 4.0 Maces & Flails
 + Level 2.7 Armour
 + Level 1.1 Dodging


You had one spell level left.
You didn't know any spells.
Your spell library contained the following spells:

 Spells                   Type           Power      Damage    Failure   Level
 Static Discharge         Conj/Air       0%         N/A       58%         2
 Lightning Bolt           Conj/Air       0%         1d11      100%        5
 Maxwell's Capacitive Co  Air            0%         ∞         100%        8


Dungeon Overview and Level Annotations

Branches:
Dungeon (2/15)

Altars:

Shops:
D:1 !


Innate Abilities, Weirdness & Mutations

You are a tree.
Your roots penetrate the ground, keeping you stationary.
You cannot be teleported.
You are immune to unholy pain and torment.
Your maximum health is greatly increased.
Your equipment is partially melded.
((You have a pair of horns on your head.))
((You reflexively headbutt those who attack you in melee.))
Your body sometimes deteriorates upon taking damage.
You sometimes lose the ability to read scrolls when taking damage.
You passively dampen the noise of your surroundings.


Message History

i - a scroll of brand weapon Blink to where?
Press: ? - help, Dir - move target
As you read the scroll labelled BUNUSA WOGIYNT, it crumbles to dust.
It was a scroll of blinking. "Forecast: mostly cloudy."
Deactivating autopickup; reactivate with Ctrl-A.
You hit something but do no damage. Something hits you.
You barely miss something. Something hits you.
Something hits you but does no damage.
You closely miss something. You headbutt something. Something hits you!
You feel threatened and lose the ability to read scrolls!
You blink.
Something hits you.
* * * LOW HITPOINT WARNING * * *
You hit something but do no damage. Your headbutt misses something.
Something hits you.
* * * LOW HITPOINT WARNING * * *
You blink.
Something hits you but does no damage.
It was a potion of degeneration.
There was something very wrong with that liquid.
You feel weakened.
You feel dopey.
You feel clumsy.
Xom thinks this is hilarious!
Something hits you but does no damage.
It was a potion of lignification.
You turn into a tree.
Your +2 leather armour melds into your body.
Your roots penetrate the ground.
Something hits you.
* * * LOW HITPOINT WARNING * * *
Something hits you.
* * * LOW HITPOINT WARNING * * *
Unknown command.
You cannot move.
You swing at nothing.
Something hits you but does no damage. Something hits you.
* * * LOW HITPOINT WARNING * * *
You swing at nothing.
Something hits you but does no damage.
You swing at nothing.
Something completely misses you. Something hits you but does no damage.
You swing at nothing.
Something hits you but does no damage. Something hits you.
You die...

.# #.#......##.........#
§###.#.###.#..........##
§§......#.#.##.###.#.##
§§...#..........>#.###
####.#.#...........#
.<...#.#.......#.#.#
###..#.#.....###.#.#
............####.#.#
###.##.###......♣..#
#.##.# #.#####.###
#.##.###.# #.#
#........#####.#
####...(.......#
#############


There were no monsters in sight!

Vanquished Creatures
  3 ball pythons
  A bat (D:1)
  3 endoplasms
  2 hobgoblins
  A kobold (D:1)
  3 rats
13 creatures vanquished.

Notes
Turn   | Place    | Note
-------+----------+-------------------------------------------
     0 | D:1      | silky the Minotaur Chaos Knight began the quest for the
                  | Orb.
     0 | D:1      | Reached XP level 1. HP: 19/19 MP: 0/0
   159 | D:1      | Found Kopu's Distillery.
   184 | D:1      | XOM: noise
   451 | D:1      | XOM is BORED!
   451 | D:1      | XOM: give mutations
   451 | D:1      | Gained mutation: You passively dampen the noise of your
                  | surroundings. [Xom's mischief]
   451 | D:1      | Gained mutation: You sometimes lose the ability to read
                  | scrolls when taking damage. [Xom's mischief]
   526 | D:1      | XOM: give mutation
   526 | D:1      | Gained mutation: Your body sometimes deteriorates upon
                  | taking damage. [Xom's mischief]
   635 | D:2      | Reached XP level 2. HP: 27/27 MP: 1/1
  1041 | D:2      | Noticed a phantom
  1049 | D:2      | XOM: chaos cloud
  1072 | D:2      | HP: 1/40 [something (2)]
  1075 | D:2      | Slain by a phantom

Illustrated notes

Levels and vault maps discovered:
D:1:      erik_arrival_blinker_ship, layout_basic, serial_shops,
          nicolae_shop_window_shopping
D:2:      layout_loops_ring, ebering_ecumenical_altar_hall

Skill      XL: |  1  2 |
---------------+-------+-----
Fighting       | 4 |  4.1
Maces & Flails | 4 |  4.0
Armour         | |  2.7
Dodging        | |  1.1

Action                   || total
-------------------------++-------
Melee: Mace              ||    22
       Headbutt          ||     1
  Use: Scroll            ||     2
       Potion            ||     2
Armor: Leather armour    ||    11
       Skin              ||     4
Dodge: Dodged            ||    11
